 Dungeon Crawl Stone Soup version 0.30-a0-883-g5ad918d77d (webtiles) character file.

Game seed: 11182860178959023485

0 Pimp the Ducker (level 1, -2/13 HPs)
             Began as a Demonspawn Wanderer on Mar 16, 2023.
             Frozen to death by an endoplasm (5 damage)
             ... on level 1 of the Dungeon.
             The game lasted 00:00:25 (84 turns).

Pimp the Ducker (Demonspawn Wanderer)                 Turns: 84, Time: 00:00:26

Health: -2/13      AC:  5    Str:  9    XL:     1   Next: 0%
Magic:  2/2        EV: 13    Int: 11    God:
Gold:   21         SH:  0    Dex: 17    Spells: 2/2 levels left

rFire   . . .      SeeInvis .    a - +0 quarterstaff
rCold   . . .      Faith    .    (shield currently unavailable)
rNeg    . . .      Spirit   .    b - +2 leather armour
rPois   .          Reflect  .    (no helmet)
rElec   .          Rampage  .    (no cloak)
rCorr   .                        (no gloves)
Will    .....                    (no boots)
Stlth   ++                       (no amulet)
HPRegen 0.22/turn                (no ring)
MPRegen 0.08/turn                (no ring)

@: no status effects
A: no striking features
a: no special abilities


You were on level 1 of the Dungeon.
You visited 1 branch of the dungeon, and saw 1 of its levels.

You collected 21 gold pieces.

Inventory:

Hand Weapons
 a - a +0 quarterstaff (weapon)
Armour
 b - a +2 leather armour (worn)
Scrolls
 d - a scroll of teleportation
Potions
 c - a potion of lignification
 e - a potion of heal wounds {unknown}
 f - a potion of curing {unknown}


   Skills:
 + Level 2.6 Staves
 + Level 1.0 Throwing
 + Level 3.6 Dodging
 + Level 1.0 Stealth
 + Level 1.0 Spellcasting


You had 2 spell levels left.
You didn't know any spells.
Your spell library contained the following spells:

 Spells                   Type           Power      Damage    Failure   Level
 Foxfire                  Conj/Fire      0%         2x1d4     41%         1
 Fireball                 Conj/Fire      0%         3d3       100%        5
 Starburst                Conj/Fire      0%         6d3       100%        6


Dungeon Overview and Level Annotations

Branches:
Dungeon (1/15)

Altars:


Message History

Things that are here:
a book of Fire; 10 gold pieces The dart slug launches a dart at you.
The slug dart hits you.
Things that are here:
a book of Fire; 10 gold pieces You pick up a book of Fire and begin reading...
You add the spells Foxfire, Fireball and Starburst to your library.
You now have 21 gold pieces (gained 10).
The endoplasm hits the bush but does no damage.
The dart slug launches a dart at you. The slug dart misses you.
The endoplasm hits the bush but does no damage.
The dart slug launches a dart at you. The slug dart hits you.
* * * LOW HITPOINT WARNING * * *
The endoplasm hits the bush but does no damage.
The dart slug bites you.
* * * LOW HITPOINT WARNING * * *
The endoplasm hits the bush but does no damage.
You sock the dart slug!
The dart slug is almost dead.
The dart slug bites you but does no damage.
The endoplasm hits the bush.
You barely miss the dart slug.
The dart slug is almost dead.
The endoplasm hits the bush but does no damage.
The dart slug closely misses you.
You hit the dart slug but do no damage.
The dart slug is almost dead.
The endoplasm hits the bush but does no damage.
The dart slug barely misses you.
You hit the dart slug but do no damage.
The dart slug is almost dead.
The endoplasm hits the bush but does no damage.
You hit the dart slug.
You kill the dart slug!
The endoplasm freezes you.
You are frozen.
You die...
P P.PP P. .... .PPPPPPP P. ..P...P P.P P.P.P.P P...P.P.P.P# # .PPP.PPP.PPP#.# .P.=...@...P#.# #P.PPPJP.PPP..# P.P.P.....## P.P.P.P.P## ...P.P.P.P# PPPPPPP.PPP#

###...#######
..#####.# #...#
........###...#######


You could see an endoplasm.

Vanquished Creatures
  A dart slug (D:1)
1 creature vanquished.

Notes
Turn   | Place    | Note
-------+----------+-------------------------------------------
     0 | D:1      | Pimp the Demonspawn Wanderer began the quest for the Orb.
     0 | D:1      | Pimp set off with the following items: a +0 quarterstaff, a
                  | +2 leather armour, a potion of lignification, a scroll of
                  | teleportation.
     0 | D:1      | Reached XP level 1. HP: 13/13 MP: 2/2
    84 | D:1      | Frozen to death by an endoplasm

Illustrated notes

Levels and vault maps discovered:
D:1:      dpeg_arrival_pond, layout_basic, minivault_14,
          hangedman_decor_clover_reticule, hangedman_feature_mirror,
          minmay_hedge_maze

Action                     || total
---------------------------++-------
  Melee: Quarterstaff      ||     7
 Armour: Leather armour    ||     1
  Dodge: Dodged            ||     3

Table legend: (Time is in decaauts)
 A = Elapsed time spent in this place.
 B = Non-inter-level travel time spent in this place.
 C = Inter-level travel time spent in this place.
 D = Time resting spent in this place.
 E = Time spent auto-exploring this place.
 F = Levels seen in this place.
 G = Mean time per level.
                   A        B        C        D        E       F      G
               +--------+--------+--------+--------+--------+-----+--------+
         Total |     84 |     84 |      0 |      0 |     53 |   1 |   84.0 |
       Dungeon |     84 |     84 |      0 |      0 |     53 |   1 |   84.0 |
               +--------+--------+--------+--------+--------+-----+--------+

Top non-repeatable levels by time:
     D:1: 84 daAuts
